 Dungeon Crawl Stone Soup version 0.28-a0-1292-gb4563b27b3 (webtiles) character file.

Game seed: 9317013308450138531

18092 DoubleLucky the Grappler (level 12, -9/122 HPs)
             Began as a Troll Fighter on Dec 27, 2021.
             Was an Elder of Qazlal.
             Mangled by a sixfirhy (11 damage)
             ... in a Gauntlet.
             The game lasted 00:50:53 (11450 turns).

DoubleLucky the Grappler (Troll Fighter)           Turns: 11450, Time: 00:50:54

Health: -9/122     AC:  8    Str: 29    XL:     12   Next: 24%
Magic:  14/14      EV: 10    Int:  6    God:    Qazlal [****..]
Gold:   246        SH: 15    Dex:  9    Spells: 11/11 levels left

rFire   . . .      SeeInvis +     - Unarmed
rCold   . . .      Faith    .   b - +0 kite shield
rNeg    + . .      Spirit   .   Q - +0 steam dragon scales
rPois   .          Reflect  .   (helmet restricted)
rElec   .          Harm     .   t - +0 cloak
rCorr   .          Rampage  .   (gloves unavailable)
Will    .....      NoTele   +   (boots unavailable)
Stlth   +.........              (no amulet)
HPRegen 1.10/turn               l - ring of positive energy
MPRegen 0.14/turn               p - ring of see invisible

@: repel missiles
A: large, unfitting armour, claws 3, regeneration 1, shaggy fur 1, tough skin 1
a: Renounce Religion, Upheaval, Elemental Force


You were in a Gauntlet.
You worshipped Qazlal.
Qazlal was greatly pleased with you.
You visited 2 branches of the dungeon, and saw 13 of its levels.
You also visited: Sewer and Gauntlet.

You collected 734 gold pieces.
You spent 488 gold pieces at shops.

Inventory:

Hand Weapons
 d - a +1 whip of flaming
 P - a +4 dagger of electrocution
Missiles
 e - 36 poisoned darts (quivered)
 g - 387 stones
 q - 5 boomerangs
 z - 8 atropa-tipped darts
 E - 21 large rocks
 N - 8 javelins
 O - 2 curare-tipped darts
Armour
 b - a +0 kite shield (worn)
 t - a +0 cloak (worn)
 D - a +1 robe of resistance
 Q - +0 steam dragon scales (worn)
Jewellery
 j - a ring of fire
 l - a ring of positive energy (left claw)
 p - a ring of see invisible (right claw)
 r - a ring of ice
 y - a ring of resist corrosion
 L - a ring of protection from cold
 M - a ring of flight
Wands
 u - a wand of acid (14)
 G - a wand of paralysis (4)
 K - a wand of mindburst (3)
 T - a wand of polymorph (7)
Scrolls
 a - a scroll of summoning {unknown}
 h - 3 scrolls of fear
 i - 7 scrolls of teleportation
 n - 4 scrolls of enchant weapon
 x - a scroll of immolation {unknown}
 A - 2 scrolls of fog
 B - a scroll of vulnerability {unknown}
 H - a scroll of holy word {unknown}
 I - 2 scrolls of amnesia
 J - a scroll of enchant armour {unknown}
 R - 3 scrolls of magic mapping
 S - a scroll of acquirement {unknown}
 V - 2 scrolls of blinking
Potions
 c - a potion of might
 f - 3 potions of curing
 k - 4 potions of mutation
 m - 2 potions of invisibility {unknown}
 o - 3 potions of haste
 s - a potion of brilliance {unknown}
 v - 2 potions of ambrosia
 w - a potion of cancellation {unknown}
 C - 3 potions of magic
 F - a potion of lignification {unknown}
 U - a potion of berserk rage {unknown}


   Skills:
 + Level 8.8 Fighting
 + Level 9.0 Throwing
 - Level 2.4 Dodging
 - Level 9.0 Shields
 + Level 10.2 Unarmed Combat
 + Level 4.2 Invocations


You had 11 spell levels left.
You didn't know any spells.
Your spell library contained the following spells:

 Spells                   Type           Power      Damage    Failure   Level
 Scorch                   Fire           0%         2d5       58%         2
 Gell's Gravitas          Tloc           0%         N/A       83%         3
 Lesser Beckoning         Tloc           0%         N/A       83%         3
 Teleport Other           Tloc           0%         N/A       83%         3
 Flame Wave               Conj/Fire      0%         2d4       99%         4
 Summon Forest            Summ/Tloc      0%         N/A       100%        5
 Eringya's Noxious Bog    Tmut/Pois      0%         N/A       100%        6
 Summon Cactus Giant      Summ           0%         N/A       100%        6
 Summon Hydra             Summ           0%         N/A       100%        7


Dungeon Overview and Level Annotations

Branches:
Dungeon (12/15)            Temple (1/1) D:4            Lair (0/6) D:8
    Orc (0/2) D:11          Sewer (visited)         Gauntlet (1/1)

Altars:
Ashenzari
Cheibriados
Dithmenos
Elyvilon
Fedhas
Gozag
Hepliaklqana
Kikubaaqudgha
Makhleb
Nemelex Xobeh
Okawaru
Qazlal
Ru
Sif Muna
Trog
Uskayaw
Vehumet
Wu Jian
Xom
Yredelemnul
Zin
The Shining One
Lugonu

Shops:
D:12 ?

Annotations:
Gauntlet 21 runed translucent doors, 7 transporters


Innate Abilities, Weirdness & Mutations

You are too large for most types of armour.
You have claws for hands.
Your natural rate of healing is unusually fast.
You are covered in fur. (AC +1)
You have tough skin. (AC +1)


Message History

You block the sixfirhy's attack. The sixfirhy completely misses you.
The sixfirhy is engulfed in freezing vapours.
You block the sixfirhy's attack.
The sixfirhy is engulfed in freezing vapours. x2
You claw the sixfirhy!
The sixfirhy is almost dead.
The sixfirhy is engulfed in freezing vapours. x2
You kill the sixfirhy!
Qazlal accepts your kill.
Your Throwing skill increases to level 9!
The sixfirhy is engulfed in blazing flames.
The sixfirhy is engulfed in freezing vapours.
You block the sixfirhy's attack.
The sixfirhy is engulfed in freezing vapours.
You block the sixfirhy's attack.
The sixfirhy is engulfed in freezing vapours.
The sixfirhy hits you! The sixfirhy shocks you! The sixfirhy barely misses you.
The sixfirhy is engulfed in freezing vapours.
The sixfirhy hits you. The sixfirhy shocks you!
You block the sixfirhy's attack. x4
You barely miss the sixfirhy. You barely miss the sixfirhy.
You barely miss the sixfirhy. The sixfirhy hits you!
* * * LOW HITPOINT WARNING * * *
The sixfirhy shocks you!
* * * LOW HITPOINT WARNING * * *
You block the sixfirhy's attack.
Okay, then.
Unknown command.
Blink to where?
Press: ? - help, Dir - move target, p - sixfirhy
As you read the scroll of blinking, it crumbles to dust.
The sixfirhy hits you!
* * * LOW HITPOINT WARNING * * *
The sixfirhy shocks you!
* * * LOW HITPOINT WARNING * * *
The sixfirhy barely misses you. The sixfirhy hits you.
* * * LOW HITPOINT WARNING * * *
The sixfirhy shocks you!
You die...

#...#..#}.##.##..#####..#...#z.##
..8.#..#.##...##.#...#........z#.
#...#..#....x....#...#.........#.
#...#..###########§§§###########.
#.©.#≈............§§.............
....#∩............§8≈...........≈
#.©.#§.............≈§§...........
#...#..###########...###########.
#...#..#=#..#..3@#...#.........#.
..8.#..#/.#..#§3.#...#.#.#.#.#.#.
#...#..##..#§.#..#####|.#.#.#..##
#.8.#..#.#..#.(#.#...#.#.#.#.#.#.
#...#..#©.#§.#©.##©.©#©.#.©.#..#©
#≈8≈#..#.#..#..#.#...#.#.#.#.#.#.
#####..##..#..#..#####..#.#.#..##
#..#!.#..#...#...#.#.#.#.#.#.
###..#.#..#....#.8.#.........#.


You could see 2 sixfirhies and a small abomination.

Vanquished Creatures
  2 boulder beetles
  A hydra (D:11)
  A catoblepas (Gauntlet)
  2 two-headed ogres
  Nergalle (D:10)
  A sixfirhy (Gauntlet)
  Pikel (D:6)
  2 cyclopes (D:12)
  A worldbinder (Gauntlet)
  Joseph (D:8)
  4 gargoyles
  Psyche (D:11)
  Maggie (D:9)
  2 unseen horrors (D:11)
  2 komodo dragons
  A yaktaur (D:12)
  A queen bee (shapeshifter) (D:12)
  4 trolls
  2 hornets
  A shadow (D:10)
  7 yaks
  A basilisk (D:11)
  4 vampire mosquitoes (D:12)
  Menkaure (D:4)
  A steam dragon (D:7)
  4 water moccasins
  Duvessa (D:4)
  An orc warrior (D:9)
  A black bear (D:7)
  A necrophage (D:7)
  2 sky beasts
  3 ogres
  2 boggarts (Gauntlet)
  5 centaurs
  3 lemures (D:6)
  A phantom (D:4)
  3 kobold brigands (D:9)
  2 bullfrogs
  2 gnoll sergeants (D:9)
  5 scorpions
  A water moccasin zombie (D:6)
  Dowan (D:4)
  8 wights
  A howler monkey (D:4)
  A crimson imp (D:12)
  6 centaur zombies
  3 hounds
  2 jellies
  2 orc priests
  Crazy Yiuf (D:3)
  Ijyb (D:3)
  Jessica (D:3)
  2 iguanas
  9 orc wizards
  Robin (D:3)
  A howler monkey zombie (D:8)
  13 gnolls
  A howler monkey skeleton (D:6)
  2 adders
  A white imp (D:12)
  2 ufetubi
  An adder skeleton (D:4)
  5 worms
  3 dart slugs
  28 orcs
  7 ball pythons
  7 bats
  14 endoplasms
  7 giant cockroaches
  22 goblins
  8 hobgoblins
  16 jackals
  3 quokkas
  3 frilled lizards
  19 kobolds
  10 rats
295 creatures vanquished.

Vanquished Creatures (others)
  An orc wizard (D:3)
  A kobold (D:9)
  14 demonic plants (Gauntlet)
  19 withered plants (Gauntlet)
35 creatures vanquished.

Grand Total: 330 creatures vanquished

Notes
Turn   | Place    | Note
-------+----------+-------------------------------------------
     0 | D:1      | DoubleLucky the Troll Fighter began the quest for the Orb.
     0 | D:1      | Reached XP level 1. HP: 22/22 MP: 0/0
   214 | D:1      | Reached XP level 2. HP: 25/29 MP: 1/1
   826 | D:2      | Reached XP level 3. HP: 36/36 MP: 2/2
   878 | D:2      | Reached skill level 1 in Throwing
   949 | D:2      | Found a faded altar of an unknown god.
  1021 | D:2      | Reached XP level 4. HP: 28/44 MP: 3/3
  1237 | D:2      | Reached skill level 3 in Unarmed Combat
  1568 | D:3      | Reached XP level 5. HP: 53/53 MP: 4/4
  1574 | D:3      | Noticed Jessica
  1593 | D:3      | Killed Jessica
  1612 | D:3      | Found a burning altar of Makhleb.
  1615 | D:3      | Noticed Ijyb
  1624 | D:3      | Killed Ijyb
  1902 | D:3      | Reached XP level 6. HP: 51/61 MP: 5/5
  1966 | D:3      | Noticed Robin
  1969 | D:3      | Killed Robin
  2051 | D:3      | Found a snail-covered altar of Cheibriados.
  2222 | D:3      | Found a sparkling altar of Nemelex Xobeh.
  2225 | D:3      | Found a hide-covered altar of Uskayaw.
  2228 | D:3      | Found a basalt altar of Yredelemnul.
  2242 | D:3      | Found a white marble altar of Elyvilon.
  2368 | D:3      | Found a runed translucent door.
  2369 | D:3      | Noticed Crazy Yiuf
  2378 | D:3      | Killed Crazy Yiuf
  2545 | D:4      | Found an ornate altar of the Wu Jian Council.
  2626 | D:4      | Found a glowing golden altar of the Shining One.
  2636 | D:4      | Found a shimmering altar of Xom.
  2720 | D:4      | Found a staircase to the Ecumenical Temple.
  2726 | Temple   | Entered the Ecumenical Temple
  2748 | Temple   | Became a worshipper of Qazlal Stormbringer
  2938 | D:4      | Reached skill level 4 in Unarmed Combat
  3009 | D:4      | Reached XP level 7. HP: 57/70 MP: 6/6
  3107 | D:4      | Noticed Menkaure
  3117 | D:4      | Killed Menkaure
  3137 | D:4      | Noticed Duvessa
  3152 | D:4      | Noticed Dowan
  3153 | D:4      | Killed Duvessa
  3159 | D:4      | Killed Dowan
  3251 | D:4      | Found an opulent altar of Gozag.
  3690 | D:5      | Entered Level 5 of the Dungeon
  3835 | D:5      | Reached skill level 5 in Unarmed Combat
  3835 | D:5      | Reached XP level 8. HP: 79/79 MP: 7/7
  3926 | D:5      | Reached * piety under Qazlal
  4107 | D:5      | Noticed an angel
  4108 | D:5      | Found a glowing silver altar of Zin.
  4585 | D:5      | Reached skill level 5 in Shields
  4675 | D:6      | Reached skill level 5 in Fighting
  4909 | D:6      | Reached skill level 6 in Unarmed Combat
  4927 | D:6      | Noticed Pikel
  4937 | D:5      | Reached skill level 5 in Throwing
  4991 | D:6      | Noticed a two-headed ogre
  5053 | D:6      | Killed a two-headed ogre
  5054 | D:6      | Reached XP level 9. HP: 56/89 MP: 8/8
  5198 | D:6      | Found a glowing drain.
  5204 | D:6      | Identified the +0 leather armour of Moral Flaws {Rampage
                  | rPois}
  5235 | Sewer    | Entered a sewer
  5265 | Sewer    | Reached ** piety under Qazlal
  5623 | Sewer    | Found a viscous altar of Jiyva.
  5930 | D:6      | Killed Pikel
  6021 | D:6      | Reached skill level 7 in Unarmed Combat
  6407 | D:7      | Reached XP level 10. HP: 70/100 MP: 9/9
  7108 | D:8      | Found a staircase to the Lair.
  7125 | D:8      | Reached *** piety under Qazlal
  7392 | D:8      | Noticed Joseph
  7430 | D:8      | Killed Joseph
  7840 | D:9      | Noticed a two-headed ogre
  7841 | D:9      | Noticed a gargoyle
  8039 | D:9      | Noticed a boulder beetle
  8059 | D:9      | Killed a boulder beetle
  8076 | D:9      | Killed a gargoyle
  8077 | D:9      | Reached skill level 8 in Unarmed Combat
  8406 | D:9      | Noticed Maggie
  8460 | D:9      | Killed Maggie
  8648 | D:9      | Killed a two-headed ogre
  8842 | D:9      | Reached XP level 11. HP: 94/109 MP: 10/10
  9096 | D:10     | Entered Level 10 of the Dungeon
  9120 | D:10     | Reached **** piety under Qazlal
  9402 | D:10     | Found a shimmering blue altar of Sif Muna.
  9608 | D:10     | Noticed Nergalle
  9623 | D:10     | Killed Nergalle
  9693 | D:10     | Found a shadowy altar of Dithmenos.
  9840 | D:11     | Reached skill level 9 in Unarmed Combat
  9932 | D:11     | Noticed Psyche
  9942 | D:11     | Killed Psyche
  9943 | D:11     | Reached skill level 1 in Invocations
  9969 | D:11     | Found a staircase to the Orcish Mines.
 10119 | D:11     | Noticed a five-headed hydra
 10119 | D:11     | Noticed a boulder beetle
 10130 | D:11     | Killed a boulder beetle
 10140 | D:11     | Killed a five-headed hydra
 10853 | D:12     | Reached XP level 12. HP: 35/122 MP: 13/13
 11078 | D:12     | Found Tahin's Magic Scroll Emporium.
 11085 | D:12     | Bought a scroll of identify for 32 gold pieces
 11085 | D:12     | Bought 2 scrolls of magic mapping for 112 gold pieces
 11085 | D:12     | Bought a scroll of magic mapping for 56 gold pieces
 11085 | D:12     | Bought a scroll of blinking for 120 gold pieces
 11085 | D:12     | Bought a scroll of teleportation for 48 gold pieces
 11085 | D:12     | Bought a scroll of blinking for 120 gold pieces
 11135 | D:12     | Found a gate leading to a gauntlet.
 11147 | Gauntlet | Entered a Gauntlet
 11147 | Gauntlet | Found a large runed translucent door.
 11147 | Gauntlet | Found a large runed translucent door.
 11147 | Gauntlet | Found a large runed translucent door.
 11147 | Gauntlet | Found a large runed translucent door.
 11147 | Gauntlet | Found a large runed translucent door.
 11147 | Gauntlet | Found a large runed translucent door.
 11147 | Gauntlet | Found a large runed translucent door.
 11147 | Gauntlet | Found a large runed translucent door.
 11147 | Gauntlet | Found a runed translucent door.
 11147 | Gauntlet | Found a runed translucent gate.
 11147 | Gauntlet | Found a transporter.
 11147 | Gauntlet | Found a transporter.
 11147 | Gauntlet | Found a runed translucent gate.
 11147 | Gauntlet | Found a transporter.
 11148 | Gauntlet | Found a transporter.
 11148 | Gauntlet | Noticed a catoblepas
 11151 | Gauntlet | Found a transporter.
 11151 | Gauntlet | Found a transporter.
 11161 | Gauntlet | Found a transporter.
 11165 | Gauntlet | Found a transporter.
 11179 | Gauntlet | Found a transporter.
 11247 | Gauntlet | Found a runed translucent door.
 11248 | Gauntlet | Found a large runed translucent door.
 11248 | Gauntlet | Found a large runed translucent door.
 11248 | Gauntlet | Found a large runed translucent door.
 11248 | Gauntlet | Found a large runed translucent door.
 11249 | Gauntlet | Found a large runed translucent door.
 11249 | Gauntlet | Found a large runed translucent door.
 11250 | Gauntlet | Found a large runed translucent door.
 11250 | Gauntlet | Found a large runed translucent door.
 11259 | Gauntlet | Found a runed translucent gate.
 11275 | Gauntlet | Found a transporter.
 11279 | Gauntlet | Found a transporter.
 11295 | Gauntlet | Found a transporter.
 11361 | Gauntlet | Reached skill level 10 in Unarmed Combat
 11375 | Gauntlet | Killed a catoblepas
 11450 | Gauntlet | HP: 4/122 [sixfirhy (11)]
 11450 | Gauntlet | Mangled by a sixfirhy

Illustrated notes

Levels and vault maps discovered:
D:1:      shiori_arrival_oz, layout_loops_ring
D:2:      layout_basic, serial_curves, eino_curves_03, eino_curves_03,
          dreamdust_ecumenical_altar_statues, minmay_tromino_v4_a
D:3:      wander_river, layout_basic, pf_just_have_faith, bloody_makhleb,
          grunt_temple_overflow_cloverleaf, nicolae_figureground_pulse,
          uniq_crazy_yiuf_cottage, uniq_jessica, uniq_ijyb, uniq_robin
D:4:      layout_loops_corners, mainiacjoe_overflow_alcove_2,
          mainiacjoe_overflow_brackets, mainiacjoe_overflow_catwalk,
          kennysheep_mini, minmay_temple_entry_fiery, uniq_duvessa,
          uniq_menkaure
D:5:      layout_loops_corners, zin_angel
D:6:      layout_loops_ring, cheibrodos_sewer_entry_sluice,
          minmay_ogre_servants, uniq_pikel
D:7:      layout_basic, roderic_lattice_a, hangedman_minor_gate_pass
D:8:      layout_loops_ring, lair_entry_dummy, uniq_joseph
D:9:      layout_loops_ring, uniq_maggie
D:10:     layout_roguey, grunt_dithmenos_shadows, kennysheep_mini_moat,
          nicolae_elevator_lobby_plus, uniq_nergalle
D:11:     layout_cave_pods, orc_0_dummy, uniq_psyche
D:12:     minmay_the_grid_square_5x5_4x4 [minmay_the_grid_square_5x5_inset,
          minmay_the_grid_square_5x5_gyroscope, minmay_the_grid_square_5x5_n,
          minmay_the_grid_square_5x5_fancy_junction,
          minmay_the_grid_square_5x5_eight_small,
          minmay_the_grid_square_5x5_prize_junk,
          minmay_the_grid_square_5x5_prize_snowflake,
          minmay_the_grid_square_5x5_dogpile, minmay_the_grid_square_5x5_z,
          minmay_the_grid_square_5x5_prize_monsterx,
          minmay_the_grid_square_5x5_prize_gold,
          minmay_the_grid_square_5x5_half_checkered,
          minmay_the_grid_square_5x5_moneybag,
          minmay_the_grid_square_5x5_hourglass,
          minmay_the_grid_square_5x5_hollow_slash,
          minmay_the_grid_square_5x5_broken_cross], layout_irregular_city,
          serial_shops, nicolae_shop_hallway_stairs, gauntlet_entry_generic,
          minmay_fire_ice_demons
Temple:   kb_corrupted_temple
Gauntlet: gammafunk_gauntlet_hard_choice [nicolae_gauntlet_arena_blocks,
          minmay_gauntlet_arena_make_your_own_arena,
          gammafunk_gauntlet_arena_grid, gammafunk_gauntlet_arena_hedges,
          gammafunk_gauntlet_arena_arrow_garden,
          gammafunk_gauntlet_arena_split_x, gauntlet_exit_hidden_loot]

Skill      XL: |  1  2  3  4  5  6  7  8  9 10 11 12 |
---------------+-------------------------------------+-----
Throwing       | 1 2 3 5 6 7 8 9 |  9.0
Shields        | 3 4 5 6 8 9 |  9.0
Fighting       | 3 4 5 6 7 8 |  8.8
Unarmed Combat | 3 4 5 6 7 8 9 10 | 10.2
Invocations    | 3 4 |  4.2
Dodging        | |  2.4

Action                   |  1- 3 |  4- 6 |  7- 9 | 10-12 || total
-------------------------+-------+-------+-------+-------++-------
Melee: Unarmed           |    78 |   157 |   262 |   344 ||   841
Throw: Stone             |     4 |    65 |   104 |    74 ||   247
       Dart              |     3 |    19 |     9 |    64 ||    95
       Boomerang         |       |       |       |    21 ||    21
Evoke: Wand              |       |     1 |       |     2 ||     3
  Use: Scroll            |       |     2 |     5 |     8 ||    15
       Potion            |       |       |       |     4 ||     4
Armor: Robe              |    18 |    37 |    64 |    17 ||   136
       Steam dragon scal |       |       |       |    51 ||    51
Dodge: Dodged            |    22 |    58 |    67 |   115 ||   262
       Repelled          |       |       |       |     2 ||     2
Block: Kite shield       |    28 |    53 |   113 |   241 ||   435
       Other             |       |       |       |     2 ||     2

Table legend: (Time is in decaauts)
 A = Elapsed time spent in this place.
 B = Non-inter-level travel time spent in this place.
 C = Inter-level travel time spent in this place.
 D = Time resting spent in this place.
 E = Time spent auto-exploring this place.
 F = Levels seen in this place.
 G = Mean time per level.
                   A        B        C        D        E       F      G
               +--------+--------+--------+--------+--------+-----+--------+
         Total |  11440 |  10972 |    468 |    426 |   7259 |  15 |  762.7 |
       Dungeon |  10472 |  10022 |    450 |    221 |   6920 |  12 |  872.7 |
        Temple |    128 |    110 |     18 |      0 |     84 |   1 |  128.0 |
         Sewer |    544 |    544 |      0 |    202 |    126 |   1 |  544.0 |
      Gauntlet |    295 |    295 |      0 |      3 |    128 |   1 |  295.0 |
               +--------+--------+--------+--------+--------+-----+--------+

Top non-repeatable levels by time:
     D:9: 1211 daAuts
     D:3: 1062 daAuts
     D:4: 1046 daAuts
     D:5: 1012 daAuts
     D:7: 950 daAuts
    D:11: 929 daAuts
     D:6: 929 daAuts
     D:1: 831 daAuts
     D:8: 741 daAuts
     D:2: 692 daAuts
    D:10: 673 daAuts
   Sewer: 544 daAuts
    D:12: 391 daAuts
Gauntlet: 295 daAuts
  Temple: 128 daAuts
